 Dungeon Crawl Stone Soup version 0.29.1-1-gd02db6906a (webtiles) character file.

Game seed: 9021710159052639374

15140 Ashen the Frost Mage (level 11, 0/84 HPs)
             Began as a Demonspawn Ice Elementalist on Oct 8, 2022.
             Was a Believer of Vehumet.
             Slain by a polar bear (13 damage)
             ... in an ice cave.
             The game lasted 00:35:13 (14899 turns).

Ashen the Frost Mage (Demonspawn Ice Elementalist) Turns: 14899, Time: 00:35:17

Health: 0/84       AC: 18    Str:  9    XL:     11   Next: 97%
Magic:  21/24      EV: 15    Int: 20    God:    Vehumet [**....]
Gold:   773        SH:  0    Dex: 14    Spells: 18/29 levels left

rFire   . . .      SeeInvis .   I - +2 whip (venom)
rCold   + . .      Faith    .   (no shield)
rNeg    . . .      Spirit   .   e - +1 robe {rC+ rF+}
rPois   .          Reflect  +   m - +0 helmet
rElec   +          Harm     .   y - +0 cloak
rCorr   +          Rampage  .   p - +2 pair of gloves
Will    +....                   (no boots)
Stlth   +.........              t - amulet of reflection
HPRegen 0.24/turn               B - ring of willpower
MPRegen 0.19/turn               o - ring "Dyudac" {Wiz rElec rF- rCorr}

@: confused, ice-armoured, ambrosia-drunk, freezing walls, very slow
A: icy blue scales 1, powered by death 2, weakness stinger 2
a: Renounce Religion


You were in an ice cave.
You worshipped Vehumet.
Vehumet was pleased with you.
You visited 3 branches of the dungeon, and saw 13 of its levels.
You also visited: Ice Cave.

You collected 941 gold pieces.
You spent 168 gold pieces at shops.

Inventory:

Hand Weapons
 n - a +1 antimagic short sword
 D - a +0 trident of freezing
 H - a +3 falchion
 I - a +2 whip of venom (weapon)
Missiles
 c - 4 javelins
Armour
 a - a +0 robe
 e - a +1 robe of resistance (worn)
 m - a +0 helmet (worn)
 p - a +2 pair of gloves (worn)
 y - a +0 cloak (worn)
Jewellery
 o - the ring "Dyudac" (right hand) {Wiz rElec rF- rCorr}
   (You found it in an ice cave)

   [ring of wizardry]

   It improves your spell success rate.
   rF:        It makes you vulnerable to fire.
   rElec:     It insulates you from electricity.
   rCorr:     It protects you from acid and corrosion.
 t - an amulet of reflection (around neck)
 B - a ring of willpower (left hand)
 F - a ring of resist corrosion
 J - a ring of protection from fire
 L - a ring of flight
Wands
 K - a wand of charming (12)
Scrolls
 d - a scroll of amnesia
 f - 2 scrolls of enchant armour {unknown}
 g - 2 scrolls of blinking
 h - 4 scrolls of poison {unknown}
 i - 2 scrolls of immolation {unknown}
 j - 3 scrolls of enchant weapon {unknown}
 k - 4 scrolls of teleportation {unknown}
 l - a scroll of identify
 v - 3 scrolls of magic mapping
 z - a scroll of vulnerability {unknown}
 G - 2 scrolls of butterflies {unknown}
Potions
 b - 3 potions of magic
 q - a potion of ambrosia
 r - 3 potions of mutation
 s - 4 potions of curing
 u - 4 potions of lignification
 w - 3 potions of brilliance
 x - 2 potions of might
 A - 2 potions of flight
 C - 4 potions of haste
 E - a potion of attraction


   Skills:
 + Level 7.1 Fighting
 + Level 6.7 Dodging
 - Level 5.0 Stealth
 * Level 9.5 Spellcasting
 * Level 7.9 Conjurations
 - Level 10.0 Ice Magic


You had 18 spell levels left.
You knew the following spells:

 Your Spells              Type           Power      Damage    Failure   Level
a - Freeze                Ice            100%       1d11      1%          1
b - Frozen Ramparts       Ice            98%        1d15      1%          3
c - Ozocubu's Armour      Ice            49%        N/A       1%          3
d - Hailstorm             Conj/Ice       45%        3d10      1%          4

Your spell library contained the following spells:

 Spells                   Type           Power      Damage    Failure   Level
 Ignite Poison            Fire/Tmut/Pois 9%         N/A       9%          3
 Portal Projectile        Hex/Tloc       18%        N/A       9%          3
 Tukima's Dance           Hex            9%         N/A       9%          3
 Blade Hands              Tmut           4%         N/A       58%         5
 Summon Forest            Summ/Tloc      4%         N/A       58%         5
 Summon Mana Viper        Hex/Summ       9%         N/A       58%         5
 Summon Cactus Giant      Summ           4%         N/A       98%         6


Dungeon Overview and Level Annotations

Branches:
Dungeon (11/15)            Temple (1/1) D:4            Lair (1/5) D:11
    Orc (0/2) D:9           IceCv (1/1)

Altars:
Ashenzari
Cheibriados
Dithmenos
Fedhas
Gozag
Hepliaklqana
Kikubaaqudgha
Makhleb
Nemelex Xobeh
Okawaru
Qazlal
Ru
Sif Muna
Trog
Uskayaw
Vehumet
Wu Jian
Xom
Yredelemnul

Shops:
D:4 !   D:11 ::

Annotations:
D:4 Menkaure
D:10 exclusion: two-headed ogre


Innate Abilities, Weirdness & Mutations

You are partially covered in icy blue scales. (AC +2)
You regenerate health from kills.
You have a tail ending in a sharp stinger.


Message History

The polar bear resists.
The wall freezes the polar bear.
You block the polar bear's attack. The polar bear closely misses you.
The polar bear misses you.
The polar bear resists.
The wall freezes the polar bear.
The polar bear closely misses you. The polar bear misses you. x2
You hit the polar bear but do no damage.
The polar bear looks as sick as possible!
The polar bear is severely wounded.
The wall freezes the polar bear but does no damage.
The polar bear bites you!
The polar bear claws you but does no damage.
You block the polar bear's attack.
Casting: Hailstorm (mildly dangerous; 1% risk of failure)
Confirm with . or Enter, or press ? or * to list all spells.
Okay, then.
Casting: Hailstorm (mildly dangerous; 1% risk of failure)
Confirm with . or Enter, or press ? or * to list all spells.
Okay, then.
Your unstable footing causes you to fumble your attack.
The wall freezes the polar bear but does no damage.
The polar bear goes berserk!
Casting: Hailstorm (mildly dangerous; 1% risk of failure)
Confirm with . or Enter, or press ? or * to list all spells.
Okay, then.
Your unstable footing causes you to fumble your attack.
The polar bear resists.
The wall freezes the polar bear.
The polar bear bites you! The polar bear closely misses you.
The polar bear claws you.
Unknown command.
Press: ? - help, v - describe, . - travel
Here: a polar bear (severely wounded, berserk, very poisoned)
The floor, spattered with blood.
You are confused.
You feel invigorated.
The polar bear resists.
The wall freezes the polar bear.
The polar bear bites you!!
* * * LOW HITPOINT WARNING * * *
The polar bear claws you but does no damage.
The polar bear misses you.
The polar bear resists.
The wall freezes the polar bear.
The polar bear bites you!
You die...

#...###.####...#
#.### #.#.##..##
##.# ##..#.#.#
#.## #...####
#~## ####.#
##†###≈≈≈###
#~~#≈≈≈≈≈##
##†~≈≈≈≈≈≈#
##@~≈≈≈≈≈≈#
#h#≈≈≈≈≈≈≈#
#†#≈≈≈≈≈≈##
.##≈≈≈≈≈≈# #.
#≈≈#≈≈## #.
#≈##≈#.. #Y ###
...# #. . #h


You could see a polar bear (berserk, very poisoned).

Vanquished Creatures
  A hydra (D:11)
  4 death yaks
  An ice statue (IceCv)
  2 cane toads (Lair:1)
  2 gargoyles (D:10)
  2 rime drakes (Lair:1)
  5 polar bears (IceCv)
  4 hornets
  A troll (D:9)
  11 yaks
  A basilisk (Lair:1)
  3 steam dragons
  2 wyverns
  A warg (D:9)
  3 water moccasins
  4 orc warriors
  2 ice beasts (D:7)
  A sky beast (D:8)
  An ogre (D:5)
  5 centaurs
  23 wolves (IceCv)
  5 bullfrogs
  2 scorpions (D:5)
  4 wights (D:9)
  9 killer bees
  6 howler monkeys
  2 electric eels (D:8)
  A jelly (D:7)
  Crazy Yiuf (D:5)
  6 hounds
  9 orc priests
  An iguana (D:4)
  9 orc wizards
  3 gnolls (D:6)
  10 adders
  A river rat (D:11)
  A shadow imp (D:7)
  2 white imps
  An ufetubus (D:6)
  2 worms
  4 dart slugs
  32 orcs
  5 ball pythons
  7 endoplasms
  A giant cockroach (D:1)
  8 goblins
  9 hobgoblins
  2 jackals (D:3)
  6 kobolds
  A quokka (D:11)
  6 bats
  4 frilled lizards
  5 rats
244 creatures vanquished.

Vanquished Creatures (others)
  A polar bear (IceCv)
  2 fungi
  3 toadstools (D:9)
6 creatures vanquished.

Grand Total: 250 creatures vanquished

Notes
Turn   | Place    | Note
-------+----------+-------------------------------------------
     0 | D:1      | Ashen the Demonspawn Ice Elementalist began the quest for
                  | the Orb.
     0 | D:1      | Reached XP level 1. HP: 13/13 MP: 3/3
   602 | D:1      | Gained mutation: You are partially covered in icy blue
                  | scales. (AC +2) [demonic ancestry]
   602 | D:1      | Reached XP level 2. HP: 19/19 MP: 5/5
  1551 | D:2      | Reached XP level 3. HP: 17/25 MP: 6/6
  1564 | D:2      | Learned a level 3 spell: Frozen Ramparts
  1568 | D:2      | Learned a level 3 spell: Ozocubu's Armour
  1706 | D:2      | Reached skill level 1 in Fighting
  1706 | D:2      | Reached skill level 4 in Ice Magic
  2200 | D:2      | Gained mutation: You have a small tail. [demonic ancestry]
  2200 | D:2      | Reached XP level 4. HP: 26/32 MP: 3/8
  3152 | D:3      | Found a bloodstained altar of Trog.
  3781 | D:4      | Found a sparkling altar of Nemelex Xobeh.
  3848 | D:4      | Found Besac's Distillery.
  3857 | D:4      | Bought a potion of ambrosia for 112 gold pieces
  3857 | D:4      | Bought a potion of degeneration for 14 gold pieces
  3857 | D:4      | Bought a potion of curing for 42 gold pieces
  4116 | D:4      | Gained mutation: You regenerate a little health from kills.
                  | [demonic ancestry]
  4116 | D:4      | Reached XP level 5. HP: 24/37 MP: 9/9
  4376 | D:4      | Found a staircase to the Ecumenical Temple.
  4385 | Temple   | Entered the Ecumenical Temple
  4794 | D:5      | Entered Level 5 of the Dungeon
  4801 | D:5      | Noticed Menkaure
  5174 | D:5      | Noticed an ogre
  5190 | D:5      | Killed an ogre
  5191 | D:5      | Gained mutation: You regenerate health from kills. [demonic
                  | ancestry]
  5191 | D:5      | Reached XP level 6. HP: 24/44 MP: 8/11
  5384 | D:5      | Noticed a wyvern
  5394 | D:5      | Killed a wyvern
  5395 | D:5      | Reached skill level 5 in Ice Magic
  5395 | D:5      | Reached XP level 7. HP: 32/51 MP: 0/13
  6294 | D:5      | Found a runed translucent door.
  6295 | D:5      | Noticed Crazy Yiuf
  6304 | D:5      | Killed Crazy Yiuf
  6625 | D:6      | Noticed a steam dragon
  6638 | D:6      | Killed a steam dragon
  6639 | D:6      | Reached XP level 8. HP: 10/58 MP: 6/15
  6781 | D:6      | Reached skill level 5 in Spellcasting
  6833 | D:6      | Reached skill level 6 in Ice Magic
  8055 | D:8      | Noticed a two-headed ogre
  8430 | D:8      | Learned a level 4 spell: Hailstorm
  8617 | D:8      | Gained mutation: You have a tail ending in a sharp stinger.
                  | [demonic ancestry]
  8617 | D:8      | Reached XP level 9. HP: 63/65 MP: 14/18
  8643 | D:8      | Found a radiant altar of Vehumet.
  8768 | D:8      | Found a snail-covered altar of Cheibriados.
  8772 | D:8      | Became a worshipper of Vehumet
  8795 | D:8      | Reached skill level 1 in Conjurations
  9075 | D:7      | Reached skill level 7 in Ice Magic
  9614 | D:9      | Reached skill level 5 in Stealth
  9731 | D:9      | Reached * piety under Vehumet
  9731 | D:9      | Offered knowledge of Foxfire by Vehumet.
  9829 | D:9      | Found a staircase to the Orcish Mines.
  9940 | D:9      | Noticed a troll
  9954 | D:9      | Killed a troll
 10186 | D:9      | Reached skill level 5 in Dodging
 10257 | D:9      | Reached skill level 5 in Fighting
 10962 | D:9      | Reached XP level 10. HP: 74/74 MP: 20/20
 11062 | D:10     | Entered Level 10 of the Dungeon
 11062 | D:10     | Noticed a gargoyle
 11517 | D:10     | Reached skill level 8 in Ice Magic
 11691 | D:10     | Noticed a two-headed ogre
 11796 | D:10     | Killed a gargoyle
 11942 | D:10     | Noticed a gargoyle
 11955 | D:10     | Killed a gargoyle
 12397 | D:11     | Paralysed by a hornet for 2 turns
 12639 | D:11     | Found Omat's Self-Improvement Boutique.
 12688 | D:11     | Found Begiz's Book Shop.
 12718 | D:11     | Reached skill level 5 in Conjurations
 12760 | D:11     | Noticed a death yak
 12771 | D:11     | Noticed a death yak
 12795 | D:11     | Killed a death yak
 13000 | D:11     | Found a staircase to the Lair.
 13001 | D:11     | Noticed a death yak
 13042 | D:10     | Killed a death yak
 13303 | D:11     | Killed a death yak
 13303 | D:11     | Offered knowledge of Scorch by Vehumet.
 13403 | D:11     | Reached ** piety under Vehumet
 13673 | D:11     | Noticed a four-headed hydra
 13681 | D:11     | Killed a four-headed hydra
 13682 | D:11     | Reached skill level 9 in Ice Magic
 13682 | D:11     | Reached XP level 11. HP: 81/81 MP: 13/23
 13795 | Lair:1   | Entered Level 1 of the Lair of Beasts
 13832 | Lair:1   | Paralysed by a hornet for 2 turns
 13936 | Lair:1   | Found a frozen archway.
 14040 | IceCv    | Entered an ice cave
 14217 | IceCv    | Identified the ring "Dyudac" {Wiz rElec rF- rCorr}
 14818 | IceCv    | Noticed a death yak
 14830 | IceCv    | Killed a death yak
 14830 | IceCv    | Offered knowledge of Ignite Poison by Vehumet.
 14831 | IceCv    | Reached skill level 10 in Ice Magic
 14899 | IceCv    | Slain by a polar bear

Illustrated notes

Levels and vault maps discovered:
D:1:      dpeg_arrival_rooms_c, layout_basic, minivault_25
D:2:      cheibrodos_helix_gallery, layout_loops_corners
D:3:      layout_basic, trog_antimagical, grunt_decor_clamped,
          dk_noncrumbling_2, minmay_statues_item
D:4:      nicolae_cairo_tiling, layout_basic, nemelex_spade_bored_becter,
          lemuel_temple_firewalk_b, serial_shops, nicolae_shop_statue_plus
D:5:      layout_cave_pods, uniq_menkaure, uniq_crazy_yiuf_cottage
D:6:      layout_loops_ring, minmay_misc_feat_diagonals,
          minmay_misc_feat_columns, minmay_holes,
          chequers_serial_rivers_micro_e, kennysheep_minor_cross,
          dreamdust_gnoll_farm
D:7:      layout_loops_ring
D:8:      layout_layer_cave, nicolae_overflow_squiral, serial_glass,
          glass_columns_c, glass_columns_b, feat_on_display, feat_on_display
D:9:      layout_gridville, erik_orc_4, minmay_gold_behind_fungi,
          grunt_ministairs_11
D:10:     layout_irregular_city
D:11:     layout_loops_ring, dpeg_lair_monsters, serial_shops,
          nicolae_diamond_shop, hangedman_decor_growths, nicolae_shop_self_help
Temple:   eino_narrow_crystal_temple
Lair:1:   layout_gridlike, portal_ice_cave_rime, dreamdust_wasp_nest,
          grunt_megastairs_2
IceCv:    ice_cave_caverns_02

Skill      XL: |  1  2  3  4  5  6  7  8  9 10 11 |
---------------+----------------------------------+-----
Stealth        | 2 3 4 5 |  5.0
Dodging        | 2 3 4 5 6 |  6.7
Fighting       | 1 2 3 4 5 6 7 |  7.1
Ice Magic      | 4 5 6 7 9 10 | 10.0
Spellcasting   | 3 4 6 7 8 9 |  9.5
Conjurations   | 3 6 7 |  7.9

Action                   |  1- 3 |  4- 6 |  7- 9 | 10-12 || total
-------------------------+-------+-------+-------+-------++-------
Melee: Dagger            |    90 |   105 |   164 |       ||   359
       Punch             |     1 |     3 |     6 |     6 ||    16
       Tailslap          |       |    14 |    52 |    71 ||   137
       Short sword       |       |     9 |       |       ||     9
       Whip              |       |       |    75 |   246 ||   321
       Falchion          |       |       |    31 |    73 ||   104
       Trident           |       |       |     8 |     3 ||    11
 Cast: Freeze            |     4 |     6 |    11 |    13 ||    34
       Frozen Ramparts   |       |     5 |    28 |    26 ||    59
       Ozocubu's Armour  |       |     4 |    26 |    29 ||    59
       Hailstorm         |       |       |       |    11 ||    11
Evoke: Wand              |       |       |       |     4 ||     4
  Use: Scroll            |       |     2 |       |     9 ||    11
       Potion            |       |     1 |       |     5 ||     6
 Stab: Sleeping          |     6 |     5 |     3 |     3 ||    17
       Distracted        |     1 |       |     2 |     2 ||     5
       Invisible         |       |       |       |     1 ||     1
Armor: Robe              |    33 |    39 |   111 |   166 ||   349
Dodge: Dodged            |    53 |    67 |   183 |   316 ||   619
Block: Other             |       |     3 |    67 |   110 ||   180
       Reflection        |       |       |     1 |     5 ||     6
